AoeStats
← HAMADY

Lombardia

507092488Analyzed
4v4 RM · 16d ago on Sep 16, 2026· 49m 34s· 8 players
Game mode
Random Map
Map size
Large (8 player)
Population
200
Speed
Normal
Resources
Standard
Victory
Conquest
Starting age
Dark Age
Ending age
Imperial Age
RankedLock teamsTeams togetherTeam positionsShared explorationLock speedFull tech treeHidden civsTurbo modeCheats
Victory
Defeat
🇩🇪 Magyars · Germany
1419
+15
🇺🇦 Poles · Ukraine
1388
+16
🇧🇪 Dravidians · Belgium
1347
+18
🇬🇧 Celts · United Kingdom
1346
+18
🇨🇳 Magyars · China
1473
-21
🇨🇳 Japanese · China
1392
-17
🇯🇵 Hindustanis · Japan
1353
-15
🇨🇦 Bulgarians · Canada
1336
-14
Karabas
7:00 Loom
9:07 Feudal Age
9:41 Horse Collar
9:55 Double-Bit Axe
18:06 Stone Mining
20:33 Castle Age
19:36 Bloodlines
19:32 Scale Barding Armor
21:53 Bow Saw
21:43 Heavy Plow
21:36 Gold Mining
22:59 Wheelbarrow
24:02 Husbandry
25:26 Szlachta Privileges
26:38 Forging
28:57 Chain Barding Armor
33:30 Hand Cart
33:00 Town Watch
34:15 Iron Casting
33:58 Treadmill Crane
34:28 Masonry
38:02 Imperial Age
35:34 Scale Mail Armor
35:35 Squires
35:21 Arson
38:12 Cavalier
40:00 Blast Furnace
39:15 Chain Mail Armor
39:38 Conscription
41:31 Caravan
43:02 Plate Mail Armor
43:13 Crop Rotation
44:06 Ballistics
43:37 Fletching
47:00 Hoardings
48:37 Siege Engineers
49:33 Chemistry
48:30 Bodkin Arrow
Sheepeehs
7:00 Loom
9:16 Feudal Age
10:25 Double-Bit Axe
12:08 Wheelbarrow
14:27 Horse Collar
19:52 Castle Age
17:48 Town Watch
20:40 Gold Mining
21:02 Bow Saw
22:31 Pikeman
27:36 Hand Cart
31:18 Scale Mail Armor
34:26 Heavy Plow
36:48 Gold Shaft Mining
36:04 Stone Mining
39:17 Imperial Age
37:10 Chain Mail Armor
37:30 Forging
37:49 Fletching
40:33 Iron Casting
40:29 Plate Mail Armor
39:22 Halberdier
39:49 Arson
39:33 Heavy Scorpion
42:15 Conscription
44:23 Blast Furnace
44:14 Siege Engineers
44:30 Ballistics
47:27 Capped Ram
48:22 Caravan
49:01 Siege Ram
jelle.neyt
6:21 Loom
9:28 Feudal Age
10:02 Double-Bit Axe
22:31 Wheelbarrow
27:23 Castle Age
26:31 Fletching
26:42 Padded Archer Armor
26:59 Gold Mining
26:56 Horse Collar
28:01 Bodkin Arrow
29:17 Bow Saw
30:30 Thumb Ring
31:15 Heavy Plow
31:36 Town Watch
34:32 Hand Cart
34:52 Ballistics
35:58 Leather Archer Armor
40:32 Imperial Age
40:57 Stone Mining
42:21 Bracer
45:48 Chemistry
46:01 Ring Archer Armor
46:00 Elite Elephant Archer
46:58 Medical Corps
47:14 Conscription
M*rpheu$
7:42 Loom
10:01 Feudal Age
10:45 Horse Collar
12:35 Scale Barding Armor
21:04 Castle Age
18:52 Double-Bit Axe
19:43 Bloodlines
22:06 Husbandry
24:00 Wheelbarrow
25:41 Town Watch
26:12 Hand Cart
28:07 Gold Mining
29:24 Heavy Plow
30:56 Chain Barding Armor
31:02 Bow Saw
39:10 Imperial Age
37:06 Stone Mining
39:13 Cavalier
40:48 Plate Barding Armor
41:52 Conscription
41:00 Elite Magyar Huszar
42:57 Two-Man Saw
42:25 Paladin
45:15 Corvinian Army
46:50 Town Patrol
47:18 Caravan
Nhitty
10:26 Feudal Age
14:39 Loom
16:50 Double-Bit Axe
21:36 Horse Collar
26:04 Castle Age
29:30 Bloodlines
29:21 Husbandry
29:46 Scale Barding Armor
29:51 Forging
30:43 Chain Barding Armor
39:09 Masonry
39:46 Wheelbarrow
39:41 Gold Mining
41:21 Hand Cart
41:50 Gold Shaft Mining
45:32 Imperial Age
44:00 Fletching
44:11 Padded Archer Armor
45:30 Bodkin Arrow
45:50 Leather Archer Armor
46:12 Bow Saw
46:52 Bracer
48:02 Chemistry
47:11 Thumb Ring
47:32 Parthian Tactics
47:25 Caravan
47:59 Conscription
48:33 Ballistics
48:36 Murder Holes
48:18 Heavy Cavalry Archer
HAMADY
11:25 Feudal Age
9:44 Loom
11:33 Feudal Age
15:46 Castle Age
14:59 Scale Barding Armor
18:43 Husbandry
30:56 Scale Mail Armor
31:17 Forging
32:16 Chain Mail Armor
34:18 Chain Barding Armor
34:34 Iron Casting
35:13 Bloodlines
39:41 Imperial Age
37:00 Double-Bit Axe
37:00 Horse Collar
38:02 Wheelbarrow
37:14 Town Watch
39:53 Heavy Camel Rider
41:10 Plate Barding Armor
40:44 Caravan
43:18 Imperial Camel Rider
45:43 Blast Furnace
江哥
6:11 Loom
8:55 Feudal Age
9:27 Double-Bit Axe
13:50 Scale Barding Armor
20:21 Castle Age
18:52 Gold Mining
18:44 Horse Collar
19:40 Bloodlines
20:35 Light Cavalry
21:15 Husbandry
21:38 Chain Barding Armor
22:29 Bow Saw
24:16 Gold Shaft Mining
33:23 Wheelbarrow
32:35 Town Watch
36:01 Imperial Age
36:35 Hand Cart
36:54 Cavalier
38:25 Plate Barding Armor
40:40 Conscription
40:23 Paladin
41:40 Caravan
42:10 Coinage
41:49 Padded Archer Armor
41:33 Treadmill Crane
41:42 Elite Skirmisher
42:27 Thumb Ring
42:56 Corvinian Army
43:34 Recurve Bow
43:52 Leather Archer Armor
43:28 Fletching
43:38 Scale Mail Armor
43:52 Masonry
43:51 Elite Magyar Huszar
45:26 Bodkin Arrow
46:02 Ring Archer Armor
46:34 Chemistry
46:39 Parthian Tactics
46:15 Bracer
48:00 Chain Mail Armor
48:11 Ballistics
48:42 Hussar
2468899547
11:09 Feudal Age
9:39 Loom
11:42 Feudal Age
12:52 Double-Bit Axe
15:44 Castle Age
13:28 Horse Collar
16:44 Bow Saw
18:05 Fletching
19:28 Gold Mining
26:00 Gold Shaft Mining
27:37 Bodkin Arrow
29:17 Stone Mining
30:31 Wheelbarrow
30:51 Padded Archer Armor
34:00 Imperial Age
32:17 Ballistics
31:59 Husbandry
32:10 Bloodlines
34:04 Heavy Cavalry Archer
35:10 Parthian Tactics
35:58 Bracer
36:14 Leather Archer Armor
39:05 Pikeman
42:08 Squires
41:53 Arson
42:22 Halberdier
43:11 Scale Barding Armor
43:16 Forging
47:39 Scale Mail Armor
48:14 Iron Casting
48:11 Ring Archer Armor
Connection lost

Rejoining the realm…

Still unreachable

The connection could not be restored.

Session expired

The server has moved on; the page needs a fresh start.